 Dungeon Crawl Stone Soup version 0.15-a0-1579-gd26fec2 (console) character file.

343 Money the Ruffian (level 6, -3/55 HPs)
             Began as a Deep Dwarf Monk on June 19, 2014.
             Slain by a mummy (10 damage)
             ... in an ossuary.
             The game lasted 00:04:49 (1080 turns).

Money the Ruffian (Deep Dwarf Monk)                 Turns: 1080, Time: 00:04:49

HP  -3/55        AC  6     Str 16      XL: 6   Next: 31%
MP   6/6         EV 10     Int 11      God:
Gold 62          SH  0     Dex 15      Spells:  0 memorised,  5 levels left

rFire  . . .     SeeInvis .       - Unarmed
rCold  . . .     Clarity  .     q - +0 ring mail
rNeg   . . .     rCorr    .     (no shield)
rPois  .         rRot     .     (no helmet)
rElec  .         Spirit   .     (no cloak)
SustAb .         Warding  .     (no gloves)
rMut   .         Stasis   .     l - +0 pair of boots
Gourm  .                        (no amulet)
MR     .....                    (no ring)
                                (no ring)

@: non-regenerating, not resistant to hostile enchantments, very unstealthy
A: damage resistance, recharge devices, sense surroundings 1, slow healing 3
a: Device Recharging


You were in an ossuary.
You were very hungry.

You visited 1 branch of the dungeon, and saw 4 of its levels.
You also visited: Ossuary.

You collected 62 gold pieces.

Inventory:

Armour
 a - a +0 robe
 l - a +0 pair of boots (worn)
 q - a +0 ring mail (worn)
Magical devices
 b - a wand of heal wounds (2)
Comestibles
 c - a bread ration
 k - a meat ration
 o - a beef jerky
Scrolls
 g - 2 scrolls of random uselessness {unknown}
 h - 2 scrolls of remove curse {unknown}
 m - 2 scrolls of immolation {unknown}
 n - 5 scrolls of identify {unknown}
 p - 2 scrolls of fog {unknown}
 s - a scroll of fear {unknown}
 t - a scroll of enchant armour {unknown}
 u - a scroll of blinking {unknown}
Potions
 d - a potion of heal wounds {unknown}
 e - a potion of degeneration {unknown}
 f - 2 potions of curing {unknown}
 i - a potion of beneficial mutation {unknown}
 j - a potion of restore abilities {unknown}
 r - a potion of invisibility {unknown}


   Skills:
 - Level 2.6 Fighting
 - Level 3.2 Dodging
 - Level 2.4 Stealth
 + Level 7.0 Unarmed Combat


You had 5 spell levels left.
You didn't know any spells.

Dungeon Overview and Level Annotations

Branches:
Dungeon (4/15)
 Temple: D:4-7

Altars:
Elyvilon


Innate Abilities, Weirdness & Mutations

You are resistant to damage.
You can recharge devices by infusing magical energy.
You passively map a small area around you.
You do not heal naturally.


Message History

You open the door. 2 mummies come into view.
Found a gate leading back out of here.
You hit the mummy.
The mummy is lightly damaged.
The mummy hits you.
* * * LOW HITPOINT WARNING * * *
You hit the mummy.
The mummy is lightly damaged.
You hit the mummy but do no damage.
The mummy is lightly damaged.
The mummy hits you.
* * * LOW HITPOINT WARNING * * *
You hit the mummy but do no damage.
The mummy is lightly damaged.
There is an open door here.
You hit the mummy.
The mummy is moderately damaged.
The mummy hits you!
You die...

############ #######
#...#...#?!??#...#..
#...'.∩.+![$!#.∩.'..
#..M#...#!!!!#...#..
#...#*###### #####.^
#..M# #^^ ###@# #'#
#^^^# #.. #.^^# #..
#.^.# #.. #...# #^^
##'## ##' #...# #..
#...# #.. #...# #..


You could see 2 mummies.

Vanquished Creatures
  3 water moccasin zombies (Ossuary)
  A centaur skeleton (D:4)
  A worker ant (D:4)
  4 big kobold zombies (Ossuary)
  A giant mite (D:4)
  An adder skeleton (D:4)
  3 adder zombies (Ossuary)
  A giant gecko (D:4)
  An orc (D:4)
  5 gnoll zombies (Ossuary)
  4 jackals (D:2)
  5 bats
  A giant gecko skeleton (D:4)
  3 goblins
  2 hobgoblin zombies (Ossuary)
  6 kobold zombies (Ossuary)
  4 orc zombies (Ossuary)
  A rat (D:2)
47 creatures vanquished.

Vanquished Creatures (others)
  A hobgoblin (D:3)
1 creature vanquished.

Grand Total: 48 creatures vanquished

Notes
Turn   | Place    | Note
--------------------------------------------------------------
     0 | D:1      | Money, the Deep Dwarf Monk, began the quest for the Orb.
     0 | D:1      | Reached XP level 1. HP: 20/20 MP: 1/1
   245 | D:2      | Reached skill level 4 in Unarmed Combat
   259 | D:2      | Reached XP level 2. HP: 20/27 MP: 2/2
   471 | D:4      | Found a white marble altar of Elyvilon.
   518 | D:4      | Reached XP level 3. HP: 9/33 MP: 3/3
   548 | D:4      | Reached skill level 5 in Unarmed Combat
   548 | D:4      | Reached XP level 4. HP: 10/40 MP: 4/4
   809 | D:4      | Found a sand-covered staircase.
   814 | Ossuary  | Entered an ossuary
   910 | Ossuary  | Reached XP level 5. HP: 14/46 MP: 5/5
   933 | Ossuary  | Reached skill level 6 in Unarmed Combat
  1035 | Ossuary  | Reached XP level 6. HP: 20/55 MP: 6/6
  1051 | Ossuary  | Reached skill level 7 in Unarmed Combat
  1080 | Ossuary  | Slain by a mummy

Action                   |  1- 3 |  4- 6 || total
-------------------------+-------+-------++-------
Melee: Unarmed           |    71 |   205 ||   276
Evoke: Wand              |       |     3 ||     3
 Stab: Sleeping          |       |     1 ||     1
